AoeStats
← jakewest130

Oasis

508144137Analyzed
3v3 RM · 10d ago on Sep 21, 2026· 33m 20s· 6 players
Game mode
Random Map
Map size
Normal (6 player)
Population
200
Speed
Normal
Resources
Standard
Victory
Conquest
Starting age
Dark Age
Ending age
Imperial Age
RankedLock teamsTeams togetherTeam positionsShared explorationLock speedFull tech treeHidden civsTurbo modeCheats
Victory
Defeat
🇵🇪 Poles · Peru
724
+15
🇵🇪 Inca · Peru
723
+15
🇺🇸 Portuguese · United States
618
+19
🇺🇸 Spanish · United States
702
-17
🇺🇸 Khmer · United States
699
-16
🇺🇸 Wei · United States
677
-16
CaptOblivious
8:31 Loom
10:54 Feudal Age
11:22 Horse Collar
11:58 Double-Bit Axe
17:59 Castle Age
17:25 Stone Mining
21:14 Husbandry
21:32 Horse Collar
23:21 Heavy Plow
24:44 Scale Mail Armor
24:57 Forging
27:00 Bloodlines
29:57 Scale Barding Armor
31:41 Chain Barding Armor
Chilies
14:56 Feudal Age
16:42 Loom
22:09 Castle Age
30:39 Squires
jakewest130
12:37 Feudal Age
14:10 Double-Bit Axe
17:42 Castle Age
16:11 Horse Collar
19:43 Loom
24:13 Bow Saw
25:13 Gold Mining
25:14 Stone Mining
26:30 Wheelbarrow
27:13 Gold Shaft Mining
27:27 Heavy Plow
29:34 Stone Shaft Mining
30:52 Hand Cart
31:42 Scale Barding Armor
31:53 Forging
33:28 Chain Barding Armor
SWITCHBLADE VO
7:04 Loom
10:36 Feudal Age
13:51 Horse Collar
14:32 Double-Bit Axe
19:51 Castle Age
18:46 Bloodlines
20:33 Heavy Plow
22:32 Bow Saw
26:55 Wheelbarrow
30:26 Imperial Age
28:02 Husbandry
28:48 Scale Mail Armor
30:22 Thumb Ring
LyamNoelenze12
12:15 Feudal Age
14:52 Horse Collar
15:34 Arson
17:38 Scale Mail Armor
19:07 Forging
19:56 Double-Bit Axe
21:12 Gold Mining
23:37 Wheelbarrow
22:55 Stone Mining
29:14 Castle Age
30:23 Hand Cart
29:34 Pikeman
30:14 Squires
31:16 Stone Shaft Mining
31:16 Gold Shaft Mining
32:24 Chain Mail Armor
32:45 Iron Casting
Crazy
11:11 Feudal Age
11:49 Double-Bit Axe
11:45 Horse Collar
18:04 Bloodlines
21:27 Castle Age
21:21 Forging
21:12 Gold Mining
22:08 Wheelbarrow
23:50 Heavy Plow
24:41 Loom
24:47 Man-at-Arms
25:23 Long Swordsman
27:20 Bow Saw
29:12 Husbandry
29:31 Hand Cart
29:32 Arson
29:44 Town Watch
31:19 Squires
31:28 Scale Mail Armor
32:06 Iron Casting
31:47 Stone Mining
Connection lost

Rejoining the realm…

Still unreachable

The connection could not be restored.

Session expired

The server has moved on; the page needs a fresh start.